 Dungeon Crawl Stone Soup version 0.31-a0-1074-g0b22e4e0f1 (webtiles) character file.

Game seed: 7086501490774891487

240 Monarks the Ruffian (level 6, -12/42 HPs)
             Began as an Octopode Shapeshifter on Dec 5, 2023.
             Mangled by Blork the orc
             ... wielding a +2 long sword of distortion
              (16 damage)
             ... on level 5 of the Dungeon.
             The game lasted 00:10:06 (3677 turns).

Monarks the Ruffian (Octopode Shapeshifter)         Turns: 3677, Time: 00:10:06

Health: -12/42     AC:  1    Str: 16    XL:     6   Next: 8%
Magic:  6/6        EV: 13    Int: 12    God:
Gold:   209        SH:  0    Dex: 11    Spells: 5/5 levels left

rFire   x .          .
                       - Unarmed
rCold   + . .        (no shield)
rNeg    . . .        (helmet currently unavailable)
rPois   .            (no amulet)
rElec   .            m - ring of ice
rCorr   .            (no ring)
SInv    .            (no ring)
Will    .....        (no ring)
Stlth   ++           (no ring)
HPRegen 0.27/turn    (no ring)
MPRegen 0.10/turn    (no ring)
                     (no ring)

%: no passive effects
@: beast-form
A: beast (slay +2), almost no armour, amphibious, 8 rings, camouflage 1,
gelatinous body 1, (nimble swimmer 1), tentacles
a: Begin Untransformation


You were on level 5 of the Dungeon.
You were a hulking beast.
You visited 1 branch of the dungeon, and saw 5 of its levels.

You collected 209 gold pieces.

Inventory:

Hand Weapons
 y - the +7 whip of the Tundras {freeze, *Slow Will+ Str+2 SInv}
   (You found it on level 4 of the Dungeon)

   Str+2:     It affects your strength (+2).
   Will+:     It increases your willpower.
   SInv:      It lets you see invisible.
   *Slow:     It may slow you when you take damage.
Missiles
 t - 2 throwing nets
Jewellery
 m - a ring of ice (left tentacle)
 p - a ring of ice
 u - a ring of protection from cold
Talismans
 b - a beast talisman (active)
 c - a flux talisman
Scrolls
 e - a scroll of enchant armour {unknown}
 g - 3 scrolls of amnesia {unknown}
 h - 3 scrolls of silence
 i - 4 scrolls of identify {unknown}
 j - a scroll of fear {unknown}
 k - 2 scrolls of poison {unknown}
 l - a scroll of revelation {unknown}
 n - a scroll of noise {unknown}
 v - a scroll of enchant weapon {unknown}
 x - a scroll of brand weapon {unknown}
Potions
 a - 4 potions of lignification
 d - 2 potions of curing
 f - 2 potions of heal wounds {unknown}
 o - 3 potions of brilliance {unknown}
 q - a potion of invisibility {unknown}
 r - a potion of haste {unknown}
 s - 2 potions of attraction {unknown}
 w - a potion of cancellation {unknown}


   Skills:
 + Level 3.0 Fighting
 - Level 2.0 Dodging
 * Level 5.2 Unarmed Combat
 + Level 3.7 Shapeshifting


You had 5 spell levels left.
You didn't know any spells.
Your spell library contained the following spells:

 Spells                   Type           Power      Damage    Failure   Level
 Freeze                   Ice            0%         1d3       32%         1
 Lesser Beckoning         Tloc           0%         N/A       45%         2
 Frozen Ramparts          Ice            0%         1d1       69%         3
 Gell's Gravitas          Tloc           0%         N/A       69%         3
 Hailstorm                Conj/Ice       0%         3d3       69%         3
 Teleport Other           Tloc           0%         N/A       69%         3
 Summon Forest            Summ/Tloc      0%         N/A       100%        5
 Eringya's Noxious Bog    Tmut/Pois      0%         4d6       100%        6
 Summon Hydra             Summ           0%         N/A       100%        7


Dungeon Overview and Level Annotations

Branches:
Dungeon (5/15) Zot: 26333
 Temple: D:4-7

Altars:

Annotations:
D:5 Blork the orc


Innate Abilities, Weirdness & Mutations

You are a hulking beast.
Your limbs bulge with bestial killing power. (Slay +2)
You cannot wear most types of armour.
You are amphibious.
You can wear up to eight rings at the same time.
Your skin changes colour to match your surroundings (Stealth+).
Your rubbery body absorbs attacks. (AC +1, EV +1)
((You are camouflaged when in or above water. (Stealth+)))
You have tentacles for arms and can constrict up to eight enemies at once.


Message History

Your surroundings suddenly seem different.
Found 11 gold pieces.
The adder hisses angrily.
You hear a shout!
An adder is nearby!
Blork the orc shouts!
Found 18 gold pieces.
The adder barely misses you.
You tentacle-slap the adder. You grab the adder.
The adder is moderately wounded.
You constrict the adder. The adder bites you.
You tentacle-slap the adder.
The adder is heavily wounded.
You constrict the adder. The adder bites you.
You tentacle-slap the adder.
The adder is almost dead.
You constrict the adder.
You kill the adder!
Blork the orc gestures at you while chanting.
The magic dart hits you! Blork the orc completely misses you.
You tentacle-slap Blork the orc but do no damage.
You grab Blork the orc.
You constrict Blork the orc, but do no damage.
Blork the orc points at you and mumbles some strange words.
The puff of flame hits you! The fire burns you terribly!
You completely miss Blork the orc. You constrict Blork the orc.
Blork the orc hits you with a +2 long sword of distortion.
Space warps around you.
You tentacle-slap Blork the orc but do no damage.
You squeeze Blork the orc.
Blork the orc is moderately wounded.
You constrict Blork the orc.
Blork the orc points at you and mumbles some strange words.
The puff of flame hits you! The fire burns you terribly!
* * * LOW HITPOINT WARNING * * *
It was a potion of curing.
You feel better.
You constrict Blork the orc.
Blork the orc hits you with a +2 long sword of distortion!
* * * LOW HITPOINT WARNING * * *
Space warps horribly around you!
You die...

#######
##.....#
#......#
##....#
##....##
###.h..##
####..$.o.#
.........##
.........#
.........#
##.......#
##....<.#
#......$#
##.........


You could see Blork the orc.

Vanquished Creatures
  A hound (D:4)
  An orc priest (D:3)
  Jessica (D:3)
  An orc wizard (D:3)
  3 adders
  3 gnolls (D:3)
  A worm (D:2)
  2 dart slugs
  6 orcs
  5 endoplasms
  3 giant cockroaches
  6 goblins
  4 hobgoblins
  4 jackals (D:3)
  A quokka (D:1)
  6 ball pythons
  4 bats
  3 frilled lizards (D:2)
  4 kobolds
  2 rats
61 creatures vanquished.

Notes
Turn   | Place    | Note
-------+----------+-------------------------------------------
     0 | D:1      | Monarks the Octopode Shapeshifter began the quest for the
                  | Orb.
     0 | D:1      | Reached XP level 1. HP: 13/13 MP: 1/1
   436 | D:1      | Reached XP level 2. HP: 18/18 MP: 2/2
  1256 | D:2      | Reached XP level 3. HP: 16/24 MP: 3/3
  1630 | D:2      | Reached skill level 4 in Unarmed Combat
  2236 | D:3      | Noticed Jessica
  2240 | D:3      | Reached XP level 4. HP: 25/29 MP: 4/4
  2241 | D:3      | Killed Jessica
  2341 | D:3      | Reached XP level 5. HP: 11/35 MP: 5/5
  2748 | D:3      | Reached skill level 5 in Unarmed Combat
  3193 | D:4      | Reached XP level 6. HP: 25/42 MP: 6/6
  3467 | D:4      | Identified the +7 whip of the Tundras {freeze, *Slow Will+
                  | Str+2 SInv}
  3665 | D:5      | Entered Level 5 of the Dungeon
  3665 | D:5      | Noticed Blork the orc
  3677 | D:5      | Mangled by Blork the orc

Illustrated notes

Levels and vault maps discovered:
D:1:      matt_arrival_refuge, layout_basic
D:2:      layout_loops_corners, patterned_corridor
D:3:      wander_river, layout_loops_ring, uniq_crazy_yiuf_cottage, uniq_jessica
D:4:      layout_loops_ring
D:5:      layout_layer_cave, kiku_gazebo_garden_becter, uniq_blork_the_orc

Skill      XL: |  1  2  3  4  5 |
---------------+----------------+-----
Fighting       | 2 3 |  3.0
Unarmed Combat | 4 5 |  5.2
Dodging        | |  2.0
Shapeshifting  | |  3.7

Action                     |  1- 3 |  4- 6 || total
---------------------------+-------+-------++-------
  Melee: Unarmed           |    70 |    56 ||   126
         Constrict         |    16 |    18 ||    34
         Tentacles         |    13 |    10 ||    23
         Punch             |     3 |     3 ||     6
    Use: Scroll            |     1 |       ||     1
         Potion            |       |     1 ||     1
   Stab: Sleeping          |     9 |       ||     9
 Armour: Skin              |    28 |    28 ||    56
  Dodge: Dodged            |    27 |    25 ||    52
   Form: Beast             |     1 |       ||     1

Table legend: (Time is in decaauts)
 A = Elapsed time spent in this place.
 B = Non-inter-level travel time spent in this place.
 C = Inter-level travel time spent in this place.
 D = Time resting spent in this place.
 E = Time spent auto-exploring this place.
 F = Levels seen in this place.
 G = Mean time per level.
                   A        B        C        D        E       F      G
               +--------+--------+--------+--------+--------+-----+--------+
         Total |   3665 |   3597 |     68 |      0 |   3081 |   5 |  733.0 |
       Dungeon |   3665 |   3597 |     68 |      0 |   3081 |   5 |  733.0 |
               +--------+--------+--------+--------+--------+-----+--------+

Top non-repeatable levels by time:
     D:2: 1058 daAuts
     D:1: 1036 daAuts
     D:3: 857 daAuts
     D:4: 702 daAuts
     D:5: 11 daAuts
